 Dungeon Crawl Stone Soup version 0.21.0-24-g2553a33 (webtiles) character file.

49 Mgcat the Chucker (level 3, -1/33 HPs)
             Began as an Ogre Arcane Marksman on Jan 19, 2018.
             Killed from afar by a dart slug (6 damage)
             ... with a slug dart
             ... on level 2 of the Dungeon.
             The game lasted 00:03:45 (2247 turns).

Mgcat the Chucker (Ogre Arcane Marksman)            Turns: 2247, Time: 00:03:47

Health: -1/33      AC:  3    Str: 14    XL:     3   Next: 75%
Magic:  4/4        EV: 10    Int: 14    God:
Gold:   75         SH:  0    Dex: 10    Spells: 3/4 levels left

rFire    . . .     SeeInvis .   q - +2 short sword (venom)
rCold    . . .     Gourm    .   (no shield)
rNeg     . . .     Faith    .   a - +0 robe
rPois    .         Spirit   .   (helmet restricted)
rElec    .         Reflect  .   (no cloak)
rCorr    .         Harm     .   (gloves unavailable)
MR       .....                  (boots unavailable)
Stlth    +.........             (no amulet)
HPRegen  0.11/turn              (no ring)
MPRegen  0.09/turn              (no ring)

@: lethally poisoned (-1 -> -5)
A: large, unfitting armour, tough skin 1
a: no special abilities


You were on level 2 of the Dungeon.
You were not hungry.

You visited 1 branch of the dungeon, and saw 2 of its levels.

You collected 75 gold pieces.

Inventory:

Hand Weapons
 e - a +0 dagger
 m - a +0 club
 p - a +0 trident
 q - a +2 short sword of venom (weapon)
Missiles
 c - 4 large rocks (quivered)
 d - 2 throwing nets
Armour
 a - a +0 robe (worn)
 l - a +0 ring mail
Scrolls
 g - 2 scrolls of teleportation {unknown}
 h - 4 scrolls of remove curse {unknown}
 k - a scroll of identify {unknown}
Potions
 i - 2 potions of heal wounds {unknown}
 j - a potion of invisibility {unknown}
 n - a potion of haste {unknown}
 o - a potion of curing {unknown}
 s - a potion of lignification {unknown}
Books
 b - a book of Debilitation

   Spells                             Type                      Level
   a - Corona                         Hexes                        1
   b - Slow                           Hexes                        2
   c - Inner Flame                    Hexes/Fire                   3
   d - Portal Projectile              Hexes/Translocation          3
   e - Cause Fear                     Hexes                        4
   f - Leda's Liquefaction            Hexes/Earth                  4
Comestibles
 f - a ration
 r - a chunk of flesh


   Skills:
 - Level 1.3 Fighting
 + Level 1.1 Polearms
 + Level 3.6 Throwing
 - Level 1.7 Dodging
 - Level 1.2 Spellcasting
 - Level 2.6 Hexes


You had 3 spell levels left.
You knew the following spells:

 Your Spells              Type           Power        Failure   Level  Hunger
a - Corona                Hex            #......      9%          1    ##.....


Dungeon Overview and Level Annotations

Branches:
Dungeon (2/15)

Altars:


Innate Abilities, Weirdness & Mutations

You are too large for most types of armour.
You have tough skin. (AC +1)


Message History

The adder is severely wounded.
You feel sick. The adder bites you.
* * * LOW HITPOINT WARNING * * *
The adder barely misses you.
You hit the adder.
The adder looks as sick as possible!
The adder is severely wounded.
You kill the adder!
Your Polearms skill increases to level 1!
The goblin closely misses you.
You puncture the goblin!
You kill the goblin!
* * * LOW HITPOINT WARNING * * *
You feel sick.
You hit the dart slug.
The dart slug is poisoned.
The dart slug is heavily wounded.
* * * LOW HITPOINT WARNING * * *
You feel sick. The dart slug launches a dart at you. The slug dart hits you!
You die...

######.# .......#
#...... ###
#.##... ##.#
#...... ..###
.....#... #...
#### #..#
#..###..## #...
#####.@w.....#
##.#
#.....#####..# #.#
#......# ###.#
######.# #......
#######.# #.###..
#.......#####.##
#..
###...............
#..
#........######.##
#####..
#..........# #..
.......


You could see a dart slug.

Vanquished Creatures
  An adder (D:2)
  A worm (D:2)
  A dart slug (D:2)
  2 leopard geckos (D:1)
  A ball python (D:2)
  8 goblins
  3 hobgoblins
  4 kobolds
  A quokka (D:2)
  2 bats
  8 rats
32 creatures vanquished.

Notes
Turn   | Place    | Note
-------+----------+-------------------------------------------
     0 | D:1      | Mgcat the Ogre Arcane Marksman began the quest for the Orb.
     0 | D:1      | Reached XP level 1. HP: 19/19 MP: 2/2
   275 | D:1      | Reached XP level 2. HP: 19/27 MP: 3/3
   695 | D:1      | Reached skill level 3 in Throwing
  1725 | D:2      | Reached XP level 3. HP: 26/33 MP: 4/4
  2245 | D:2      | Reached skill level 1 in Polearms
  2247 | D:2      | Killed from afar by a dart slug

Skill      XL: |  1  2  3 |
---------------+----------+-----
Throwing       | 3 |  3.6
Polearms       | 1 |  1.1
Fighting       | |  1.3
Dodging        | |  1.7
Spellcasting   | |  1.2
Hexes          | |  2.6

Action                   || total
-------------------------++-------
Melee: Unarmed           ||    30
       Dagger            ||    62
       Club              ||    31
       Trident           ||    26
       Short sword       ||    22
 Stab: Sleeping          ||     1
  Eat: Chunk             ||     1
       Ration            ||     1
Armor: Robe              ||    45
Dodge: Dodged            ||    86
